 Dungeon Crawl Stone Soup version 0.30-a0-1160-g6e42c06551 (webtiles) character file.

Game seed: 6178706335960393262

231 IdlyInterested the Trooper (level 5, 0/42 HPs)
             Began as a Demonspawn Gladiator on Apr 26, 2023.
             Succumbed to Sigmund's poison
             ... on level 3 of the Dungeon.
             The game lasted 00:09:23 (2536 turns).

IdlyInterested the Trooper (Demonspawn Gladiator)   Turns: 2536, Time: 00:09:24

Health: 0/42       AC:  9    Str: 15    XL:     5   Next: 73%
Magic:  14/14      EV: 10    Int: 11    God:
Gold:   149        SH:  0    Dex: 14    Spells: 4/4 levels left

rFire   . . .        a - +0 rapier
rCold   . . .        (no shield)
rNeg    . . .        u - +0 scale mail
rPois   .            c - +0 helmet
rElec   .            (no cloak)
rCorr   .            (no gloves)
SInv    .            (no boots)
Will    .....        (no amulet) Stlth
                     B - ring of magical power
HPRegen 0.27/turn    (no ring)
MPRegen 0.14/turn

%: no passive effects
@: confused, lethally poisoned (0 -> -3)
A: molten scales 1
a: no special abilities


You were on level 3 of the Dungeon.
You visited 1 branch of the dungeon, and saw 3 of its levels.

You collected 149 gold pieces.

Inventory:

Hand Weapons
 a - a +0 rapier (weapon)
 m - a +0 short sword
 A - a +0 long sword
Missiles
 e - 3 javelins
 f - 29 stones (quivered)
 p - a throwing net
Armour
 b - a +0 leather armour
 c - a +0 helmet (worn)
 t - a +0 ring mail
 u - a +0 scale mail (worn)
 F - a +0 helmet
Magical Staves
 k - a staff of cold
 E - a staff of poison
Jewellery
 B - a ring of magical power (left hand)
Wands
 q - a wand of acid (16)
 w - a wand of flame (18)
Scrolls
 g - a scroll of blinking {unknown}
 h - 3 scrolls of identify {unknown}
 i - 2 scrolls of poison {unknown}
 l - 2 scrolls of teleportation {unknown}
 o - a scroll of torment {unknown}
 r - a scroll of magic mapping {unknown}
 v - a scroll of fog {unknown}
 y - a scroll of immolation {unknown}
 D - a scroll of vulnerability {unknown}
Potions
 d - a potion of mutation {unknown}
 j - a potion of might {unknown}
 n - a potion of ambrosia {unknown}
 s - a potion of haste {unknown}
 x - a potion of heal wounds {unknown}
 z - a potion of berserk rage {unknown}
 C - a potion of invisibility {unknown}


   Skills:
 + Level 3.8 Fighting
 - Level 3.0 Short Blades
 - Level 3.0 Throwing
 * Level 2.7 Armour
 - Level 3.0 Dodging


You had 4 spell levels left.
You didn't know any spells.
Your spell library contained the following spells:

 Spells                   Type           Power      Damage    Failure   Level
 Freeze                   Ice            0%         1d3       80%         1
 Blink                    Tloc           0%         N/A       90%         2
 Lesser Beckoning         Tloc           0%         N/A       90%         2
 Momentum Strike          Conj/Tloc      0%         3d8       90%         2
 Frozen Ramparts          Ice            0%         1d1       99%         3
 Hailstorm                Conj/Ice       0%         3d3       99%         3


Dungeon Overview and Level Annotations

Branches:
Dungeon (3/15)

Altars:
Makhleb

Shops:
D:2 (

Annotations:
D:3 Sigmund


Innate Abilities, Weirdness & Mutations

You are partially covered in molten scales. (AC +2)


Message History

Sigmund gestures at you while chanting.
You are more confused.
You hit Sigmund but do no damage.
Sigmund is lightly wounded.
Sigmund laughs darkly.
Sigmund barely misses you.
You bump into the rock wall.
Sigmund hits you with a +2 scythe of venom.
You are poisoned.
You hit Sigmund.
Sigmund is moderately wounded.
You feel very sick.
You bump into the rock wall.
You feel sick.
Sigmund hits you with a +2 scythe of venom!
You are more poisoned.
You hit Sigmund. Your punch misses Sigmund.
Sigmund is moderately wounded.
You feel very sick. Sigmund closely misses you.
You hit Sigmund.
Sigmund is heavily wounded.
* * * LOW HITPOINT WARNING * * *
You feel very sick. Sigmund attacks as you move away!
Sigmund barely misses you.
* * * LOW HITPOINT WARNING * * *
You feel very sick. Sigmund closely misses you.
You feel sick.
You bump into the rock wall.
You feel sick.
Sigmund points at you and mumbles some strange words.
You are more confused.
You feel sick.
Sigmund says, "Don't worry, I'll kill you fast."
Sigmund points at you and mumbles some strange words.
The magic dart hits you.
* * * LOW HITPOINT WARNING * * *
* * * LOW HITPOINT WARNING * * *
You feel sick. Sigmund barely misses you.
Okay, then.
You die...

#.# ..........
#.##.# #.#
..........
..##.# #.##
........
#..##.# #..#
.... ...##..
##.# #.. ##..
### ####.## #@#
.. .....# ##>#
.
#..####..####.#
#
#..^.>.@......#
#
#...###.#######
#...# #.##
#...##....
#.......##
##..###.# #..#
#.# #######..#
#.# #........#
#.#


You could see Sigmund.

Vanquished Creatures
  Ijyb (D:3)
  Jessica (D:3)
  Natasha (thrice) (D:2)
  Robin (D:3)
  3 adders (D:3)
  2 worms (D:2)
  4 dart slugs
  4 endoplasms
  A giant cockroach (D:3)
  9 goblins
  7 hobgoblins
  A jackal (D:3)
  2 quokkas
  5 ball pythons
  6 bats
  5 frilled lizards
  3 kobolds
58 creatures vanquished.

Notes
Turn   | Place    | Note
-------+----------+-------------------------------------------
     0 | D:1      | IdlyInterested the Demonspawn Gladiator began the quest for
                  | the Orb.
     0 | D:1      | Reached XP level 1. HP: 16/16 MP: 1/1
   110 | D:1      | Gained mutation: You are partially covered in molten
                  | scales. (AC +2) [demonic ancestry]
   110 | D:1      | Reached XP level 2. HP: 21/22 MP: 2/2
   800 | D:2      | Found Gapug's Antique Weapon Emporium.
   801 | D:2      | Noticed Natasha
   819 | D:2      | Found a burning altar of Makhleb.
   842 | D:2      | HP: 1/23 [cerulean imp/+0 spear[Natasha] (2)]
   845 | D:2      | Killed Natasha
   846 | D:2      | Reached XP level 3. HP: 2/28 MP: 3/3
  1097 | D:2      | Noticed Natasha
  1107 | D:2      | Killed Natasha
  1108 | D:2      | Reached XP level 4. HP: 17/35 MP: 4/4
  1196 | D:2      | Noticed Natasha
  1210 | D:2      | Killed Natasha
  1455 | D:2      | Reached skill level 1 in Armour
  1902 | D:3      | Noticed Jessica
  1941 | D:3      | Reached XP level 5. HP: 29/41 MP: 5/5
  1967 | D:3      | Killed Jessica
  2175 | D:3      | Noticed Ijyb
  2193 | D:3      | Killed Ijyb
  2417 | D:3      | Noticed Robin
  2426 | D:3      | Killed Robin
  2513 | D:3      | Noticed Sigmund
  2534 | D:3      | HP: 1/42 [Sigmund/magic dart (5)]
  2536 | D:3      | Succumbed to Sigmund's poison

Illustrated notes

Levels and vault maps discovered:
D:1:      heliophobic_arrival_battle_scene, layout_rooms, serial_park_tiny_2,
          minmay_misc_feat_iff
D:2:      layout_rooms, basic_altar, serial_shops, shop,
          chequers_serial_rivers_micro_e, grunt_decor_junction,
          minmay_tetromino_i2, uniq_natasha
D:3:      layout_loops_ring, uniq_jessica, uniq_robin, uniq_sigmund, uniq_ijyb

Skill      XL: |  1  2  3  4  5 |
---------------+----------------+-----
Short Blades   | 3 |  3.0
Dodging        | 3 |  3.0
Throwing       | 2 3 |  3.0
Fighting       | 3 |  3.8
Armour         | 1 2 |  2.7

Action                     |  1- 3 |  4- 6 || total
---------------------------+-------+-------++-------
  Melee: Rapier            |   122 |   116 ||   238
         Punch             |     2 |       ||     2
  Throw: Stone             |       |     6 ||     6
         Throwing net      |       |     5 ||     5
         Javelin           |       |     2 ||     2
  Evoke: Wand              |       |     3 ||     3
    Use: Potion            |     1 |     2 ||     3
 Armour: Leather armour    |    68 |     1 ||    69
         Scale mail        |       |    38 ||    38
         Ring mail         |       |    15 ||    15
  Dodge: Dodged            |    96 |    78 ||   174

Table legend: (Time is in decaauts)
 A = Elapsed time spent in this place.
 B = Non-inter-level travel time spent in this place.
 C = Inter-level travel time spent in this place.
 D = Time resting spent in this place.
 E = Time spent auto-exploring this place.
 F = Levels seen in this place.
 G = Mean time per level.
                   A        B        C        D        E       F      G
               +--------+--------+--------+--------+--------+-----+--------+
         Total |   2575 |   2338 |    237 |    470 |   1025 |   3 |  858.3 |
       Dungeon |   2575 |   2338 |    237 |    470 |   1025 |   3 |  858.3 |
               +--------+--------+--------+--------+--------+-----+--------+

Top non-repeatable levels by time:
     D:2: 1160 daAuts
     D:1: 734 daAuts
     D:3: 680 daAuts
